 Dungeon Crawl Stone Soup version 0.29.0-5-ge4962eb29e (console) character file.

Game seed: 471837545936048361

95 odiv the Firebug (level 4, 0/30 HPs)
             Began as a Demonspawn Wanderer on Aug 29, 2022.
             Slain by a scorpion (1 damage)
             ... on level 4 of the Dungeon.
             The game lasted 00:11:17 (2972 turns).

odiv the Firebug (Demonspawn Wanderer)              Turns: 2972, Time: 00:11:18

Health: 0/30       AC:  4    Str: 10    XL:     4   Next: 39%
Magic:  2/5        EV: 12    Int: 16    God:
Gold:   133        SH:  0    Dex: 16    Spells: 2/5 levels left

rFire   . . .      SeeInvis .   a - +0 dagger
rCold   . . .      Faith    .   (no shield)
rNeg    . . .      Spirit   .   c - +0 robe
rPois   .          Reflect  .   (helmet restricted)
rElec   .          Harm     .   r - +0 cloak
rCorr   .          Rampage  .   (no gloves)
Will    .....                   b - +0 pair of boots
Stlth   ++........              h - amulet of regeneration
HPRegen 0.90/turn               (no ring)
MPRegen 0.09/turn               (no ring)

@: lethally poisoned (0 -> -4), flying
A: antennae 1, powered by pain 1, big brain 1
a: no special abilities


You were on level 4 of the Dungeon.
You visited 1 branch of the dungeon, and saw 4 of its levels.

You collected 133 gold pieces.

Inventory:

Hand Weapons
 a - a +0 dagger (weapon)
 j - a +0 whip
Missiles
 k - 30 stones
Armour
 b - a +0 pair of boots (worn)
 c - a +0 robe (worn)
 r - a +0 cloak (worn)
Jewellery
 h - an amulet of regeneration (around neck)
Scrolls
 m - a scroll of teleportation {unknown}
 o - a scroll of noise {unknown}
 t - a scroll of brand weapon
Potions
 d - a potion of lignification
 i - 2 potions of haste
 l - a potion of mutation
 p - a potion of attraction {unknown}
 s - a potion of ambrosia {unknown}


   Skills:
 - Level 1.0 Dodging
 - Level 1.0 Stealth
 - Level 2.6 Unarmed Combat
 - Level 1.0 Spellcasting
 + Level 4.3 Fire Magic
 - Level 1.2 Invocations
 - Level 1.0 Evocations


You had 2 spell levels left.
You knew the following spells:

 Your Spells              Type           Power      Damage    Failure   Level
a - Foxfire               Conj/Fire      28%        2x1d5     10%         1
b - Scorch                Fire           28%        2d6       6%          2

Your spell library contained the following spells:

 Spells                   Type           Power      Damage    Failure   Level
 Sticky Flame             Conj/Fire      7%         2d3       67%         4


Dungeon Overview and Level Annotations

Branches:
Dungeon (4/15)
 Temple: D:4-7

Altars:

Annotations:
D:3 Natasha


Innate Abilities, Weirdness & Mutations

You have a pair of small antennae on your head.
You sometimes gain a little power by taking damage.
You have an unusually large brain. (Int +2)


Message History

You conjure some foxfire!
You feel sick. The scorpion closely misses you.
Your foxfire dissipates!
You feel sick.
The foxfire hits the scorpion but does no damage.
The scorpion is severely wounded.
You barely miss the scorpion.
The scorpion is severely wounded.
You feel sick. The scorpion closely misses you. The scorpion barely misses you.
You hit the scorpion.
The scorpion is severely wounded.
You feel sick. The scorpion stings you.
You are more poisoned.
The scorpion poisons you!
You feel yourself speed up.
You feel very sick. The scorpion stings you!
* * * LOW HITPOINT WARNING * * *
You are lethally poisoned!
The scorpion poisons you!
Okay, then.
* * * LOW HITPOINT WARNING * * *
You feel very sick.
It was a potion of brilliance.
You feel clever all of a sudden.
* * * LOW HITPOINT WARNING * * *
You feel very sick. The scorpion closely misses you.
It was a potion of cancellation.
Your magical effects are unravelling.
You feel magically purged.
You feel yourself slow down.
You feel a little less clever now.
* * * LOW HITPOINT WARNING * * *
You feel very sick.
The orc jeers noisily.
It was a potion of flight.
You feel very buoyant.
You fly up into the air.
* * * LOW HITPOINT WARNING * * *
You feel sick. The scorpion stings you.
You die...

### . ..# .. ##.#
... ..# .. #.#
#..##.##.########
.###.......ohs@....#
......#####.######.#
.......h....# #.#
......####### #.#
.##.. #.# ...
#####.# ... #.....#
#. #.##### .
#.######


You could see a scorpion, a hound and an orc.

Vanquished Creatures
  2 adders (D:3)
  A worm (D:2)
  4 dart slugs
  An orc (D:3)
  4 ball pythons (D:1)
  5 bats
  5 endoplasms
  5 giant cockroaches
  5 goblins
  7 hobgoblins
  4 jackals (D:1)
  2 quokkas
  4 frilled lizards
  6 kobolds
  5 rats
60 creatures vanquished.

Vanquished Creatures (others)
  57 foxfires
57 creatures vanquished.

Grand Total: 117 creatures vanquished

Notes
Turn   | Place    | Note
-------+----------+-------------------------------------------
     0 | D:1      | odiv the Demonspawn Wanderer began the quest for the Orb.
     0 | D:1      | odiv set off with the following items: a +0 dagger, a +0
                  | pair of boots, a +0 robe, 2 potions of lignification; and
                  | the following spell memorised: Foxfire; and the following
                  | spells available to memorise: Scorch, Sticky Flame.
     0 | D:1      | Reached XP level 1. HP: 13/13 MP: 2/2
    52 | D:1      | Reached skill level 2 in Fire Magic
   142 | D:1      | Gained mutation: You have a pair of small antennae on your
                  | head. [demonic ancestry]
   142 | D:1      | Reached XP level 2. HP: 11/19 MP: 1/3
   602 | D:1      | Learned a level 2 spell: Scorch
   775 | D:1      | Reached skill level 3 in Fire Magic
   939 | D:1      | Gained mutation: You sometimes gain a little power by
                  | taking damage. [demonic ancestry]
   939 | D:1      | Reached XP level 3. HP: 24/24 MP: 0/4
  1678 | D:1      | Found a faded altar of an unknown god.
  2439 | D:2      | Gained mutation: You have an unusually large brain. (Int
                  | +2) [demonic ancestry]
  2439 | D:2      | Reached XP level 4. HP: 30/30 MP: 3/5
  2605 | D:3      | Reached skill level 4 in Fire Magic
  2807 | D:3      | Noticed Natasha
  2955 | D:4      | Noticed a scorpion
  2972 | D:4      | HP: 1/30 [poisoned by a scorpion]
  2972 | D:4      | Slain by a scorpion

Illustrated notes

Levels and vault maps discovered:
D:1:      spicycebolla_arrival_xxxplode, layout_loops_ring,
          shapermc_ecumenical_altar_flowoftime, skrybe_limestone_x
D:2:      layout_rooms
D:3:      kennysheep_big_flooded_room, layout_loops_corners,
          minmay_misc_feat_room, corexii_corridor_pit, uniq_robin, uniq_grinder,
          uniq_natasha
D:4:      layout_loops_cross, uniq_duvessa, uniq_ijyb

Skill      XL: |  1  2  3  4 |
---------------+-------------+-----
Fire Magic     | 2 3 4 |  4.3
Dodging        | |  1.0
Stealth        | |  1.0
Unarmed Combat | |  2.6
Spellcasting   | |  1.0
Invocations    | |  1.2
Evocations     | |  1.0

Action                   |  1- 3 |  4- 6 || total
-------------------------+-------+-------++-------
Melee: Dagger            |    97 |    19 ||   116
 Cast: Foxfire           |    33 |     7 ||    40
       Scorch            |    18 |     7 ||    25
  Use: Potion            |     1 |     4 ||     5
       Scroll            |       |     4 ||     4
 Stab: Sleeping          |     1 |       ||     1
Armor: Skin              |    29 |       ||    29
       Robe              |    22 |     4 ||    26
Dodge: Dodged            |    38 |    14 ||    52
